 Dungeon Crawl Stone Soup version 0.30.0-29-ga12c61a403 (webtiles) character file.

Game seed: 16054545720445436093

1206 cheesebisquit the Ruffian (level 8, -3/79 HPs)
             Began as a Troll Fighter on June 5, 2023.
             Was an Initiate of Wu Jian.
             Slain by a water moccasin (7 damage)
             ... on level 5 of the Dungeon.
             The game lasted 00:13:50 (5136 turns).

cheesebisquit the Ruffian (Troll Fighter)           Turns: 5136, Time: 00:13:50

Health: -3/79      AC:  4    Str: 25    XL:     8   Next: 21%
Magic:  7/7        EV: 14    Int:  6    God:    Wu Jian [......]
Gold:   250        SH:  8    Dex:  9    Spells: 6/7 levels left

rFire   . .          .
                       - Unarmed
rCold   . . .        b - +0 kite shield
rNeg    + . .        a - +0 robe
rPois   .            (helmet restricted)
rElec   .            (no cloak)
rCorr   .            (gloves unavailable)
SInv    .            (boots unavailable)
Will    .....        (no amulet)
Stlth   +            l - ring of positive energy
HPRegen 1.13/turn    c - +5 ring of evasion
MPRegen 0.10/turn

%: no passive effects
@: lethally poisoned (-3 -> -4)
A: large, unfitting armour, claws 3, regeneration 1, shaggy fur 1, tough skin 1
a: Renounce Religion


You were on level 5 of the Dungeon.
You worshipped Wu Jian.
Wu Jian was noncommittal.
You visited 1 branch of the dungeon, and saw 6 of its levels.

You collected 250 gold pieces.

Inventory:

Hand Weapons
 j - a +1 dagger of venom
Missiles
 s - 3 poisoned darts (quivered)
 z - 3 boomerangs
Armour
 a - a +0 robe (worn)
 b - a +0 kite shield (worn)
Jewellery
 c - a +5 ring of evasion (right claw)
 d - a ring of ice
 l - a ring of positive energy (left claw)
 m - a ring of poison resistance
 q - a ring of magical power
 r - a +6 ring of intelligence
 A - a ring of wizardry
Wands
 x - a wand of roots (2)
Scrolls
 e - a scroll of vulnerability {unknown}
 h - 2 scrolls of poison
 i - a scroll of amnesia {unknown}
 k - a scroll of immolation
 o - a scroll of magic mapping {unknown}
 v - a scroll of enchant armour {unknown}
 w - a scroll of teleportation
 y - a scroll of brand weapon {unknown}
Potions
 f - 2 potions of mutation
 g - 2 potions of lignification
 n - 10 potions of curing
 p - a potion of flight {unknown}
 t - a potion of degeneration {unknown}
 u - a potion of brilliance {unknown}


   Skills:
 + Level 4.7 Fighting
 - Level 2.4 Dodging
 + Level 5.2 Shields
 * Level 7.3 Unarmed Combat


You had 6 spell levels left.
You knew the following spells:

 Your Spells              Type           Power      Damage    Failure   Level
a - Apportation           Tloc           0%         N/A       69%         1

Your spell library contained the following spells:

 Spells                   Type           Power      Damage    Failure   Level
 Freeze                   Ice            0%         1d3       69%         1
 Necrotise                Necr           0%         1d4       69%         1
 Summon Small Mammal      Summ           0%         N/A       69%         1
 Static Discharge         Conj/Air       0%         2-2/arc   83%         2
 Frozen Ramparts          Ice            0%         1d1       96%         3
 Hailstorm                Conj/Ice       0%         3d3       96%         3
 Airstrike                Air            0%         2d(0-16)  100%        4
 Anguish                  Hex/Necr       0%         N/A       100%        4
 Cause Fear               Hex            0%         N/A       100%        4
 Summon Lightning Spire   Summ/Air       0%         N/A       100%        4
 Enfeeble                 Hex            0%         N/A       100%        7


Dungeon Overview and Level Annotations

Branches:
Dungeon (6/15)
 Temple: D:4-7

Altars:
Dithmenos
Qazlal
Uskayaw
Wu Jian

Shops:
D:4 :

Annotations:
D:5 3 runed translucent doors, sampeng1's ghost, novice DrTm


Innate Abilities, Weirdness & Mutations

You are too large for most types of armour.
You have claws for hands.
Your natural rate of healing is unusually fast.
You are covered in fur. (AC +1)
You have tough skin. (AC +1)


Message History

The bolt of electricity hits you!
The electric eel shoots out a bolt of lightning at you!
The bolt of electricity hits you!
You barely miss the electric eel.
The electric eel is almost dead.
The black bear bites you. The black bear claws you. x2
Okay, then.
You block the black bear's attack. The black bear barely misses you.
The black bear closely misses you.
The electric eel shoots out a bolt of lightning at you!
The bolt of electricity hits you!
* * * LOW HITPOINT WARNING * * *
The black bear attacks as you move away!
The black bear completely misses you. You block the black bear's attack. x2
The black bear attacks as you move away!
The black bear bites you but does no damage.
You block the black bear's attack.
The black bear claws you but does no damage.
There is a stone staircase leading up here.
The water moccasin bites you.
* * * LOW HITPOINT WARNING * * *
You are poisoned.
The water moccasin poisons you! You block the black bear's attack.
The black bear misses you. You block the black bear's attack.
The water moccasin misses you.
You climb upwards.
Level annotation: 3 runed translucent doors, sampeng1's ghost, novice DrTm You feel very sick.
There is a stone staircase leading down here.
You feel sick. The water moccasin bites you.
* * * LOW HITPOINT WARNING * * *
The black bear bites you but does no damage.
The black bear barely misses you. You block the black bear's attack.
The black bear attacks as you move away!
The black bear closely misses you. The black bear claws you.
* * * LOW HITPOINT WARNING * * *
The black bear claws you.
* * * LOW HITPOINT WARNING * * *
You feel sick. The water moccasin bites you!
You die...

########....######## #.#
.......'....# #.#
########....# #.# #....# #.#
#....## #.#
########.....#########.#
.......'.........h.....#
########.....####S######
#.............@...#
#.<........####.#.##########
###..........# #.#..........#
.............####.##########.#
..........................##.#
............#####.#######.##.#
............# #.# #.##.#
...#.#####.## #.# #.##.#
...#.# #.# #.# #.##.#


You could see a water moccasin and a black bear.

Vanquished Creatures
  A hornet (D:5)
  Sigmund (D:3)
  A black bear (D:5)
  A phantom (D:3)
  A bullfrog (D:5)
  2 scorpions
  A hound (D:6)
  A jelly (D:5)
  An orc priest (D:5)
  Jessica (D:3)
  A sleepcap (D:6)
  Natasha (twice) (D:3)
  2 orc wizards (D:5)
  4 gnolls (D:5)
  9 adders
  A white imp (D:6)
  An ufetubus (D:5)
  4 worms
  3 dart slugs
  20 orcs
  5 endoplasms
  7 giant cockroaches
  12 goblins
  9 hobgoblins
  4 jackals
  4 quokkas
  3 ball pythons
  11 bats
  3 frilled lizards (D:1)
  3 kobolds (D:4)
  5 rats
124 creatures vanquished.

Notes
Turn   | Place    | Note
-------+----------+-------------------------------------------
     0 | D:1      | cheesebisquit the Troll Fighter began the quest for the
                  | Orb.
     0 | D:1      | Reached XP level 1. HP: 22/22 MP: 0/0
   158 | D:1      | Reached XP level 2. HP: 29/29 MP: 1/1
   224 | D:1      | Found a faded altar of an unknown god.
   311 | D:1      | Learned a level 1 spell: Apportation
   432 | D:1      | Reached XP level 3. HP: 33/36 MP: 2/2
   755 | D:2      | Reached skill level 3 in Unarmed Combat
   855 | D:2      | Reached XP level 4. HP: 44/44 MP: 3/3
  1350 | D:3      | Noticed Jessica
  1354 | D:3      | Killed Jessica
  1355 | D:3      | Reached skill level 4 in Unarmed Combat
  1355 | D:3      | Reached XP level 5. HP: 43/53 MP: 4/4
  1439 | D:3      | Noticed Natasha
  1439 | D:3      | Noticed Sigmund
  1449 | D:3      | Killed Natasha
  1451 | D:3      | Killed Sigmund
  1452 | D:3      | Reached XP level 6. HP: 61/61 MP: 5/5
  1606 | D:3      | Noticed Natasha
  1611 | D:3      | Killed Natasha
  1612 | D:3      | Reached skill level 5 in Unarmed Combat
  2226 | D:4      | Found Jenwyw's Book Shoppe.
  2321 | D:4      | Reached XP level 7. HP: 68/68 MP: 6/6
  2648 | D:4      | Found an ornate altar of the Wu Jian Council.
  2920 | D:4      | Found a hide-covered altar of Uskayaw.
  3203 | D:5      | Entered Level 5 of the Dungeon
  3298 | D:4      | Found a shadowy altar of Dithmenos.
  3341 | D:4      | Found a hide-covered altar of Uskayaw.
  3346 | D:4      | Found an ornate altar of the Wu Jian Council.
  3584 | D:4      | Found Jenwyw's Book Shoppe.
  4230 | D:5      | Found a runed translucent gate.
  4243 | D:5      | Found a runed translucent gate.
  4243 | D:5      | Found a runed translucent gate.
  4244 | D:5      | Noticed sampeng1's ghost (novice DrTm)
  4343 | D:5      | Reached skill level 6 in Unarmed Combat
  4382 | D:5      | Noticed a hornet
  4388 | D:5      | Paralysed by a hornet for 2 turns
  4414 | D:5      | Paralysed by a hornet for 1 turns
  4419 | D:5      | Paralysed by a hornet for 1 turns
  4420 | D:5      | Killed a hornet
  4421 | D:5      | Reached skill level 5 in Shields
  4421 | D:5      | Reached XP level 8. HP: 36/79 MP: 7/7
  4434 | D:5      | Reached skill level 7 in Unarmed Combat
  5071 | D:4      | Found a stormy altar of Qazlal.
  5080 | D:4      | Became a worshipper of the Wu Jian Council
  5136 | D:5      | Slain by a water moccasin

Illustrated notes

Levels and vault maps discovered:
D:1:      dpeg_arrival_three_bigger_balls, layout_basic, basic_ecumenical_altar
D:2:      layout_rooms, grunt_ministairs_10
D:3:      layout_loops_corners, uniq_natasha, uniq_sigmund, uniq_jessica
D:4:      layout_loops_corners, nicolae_overflow_hidden_temple, serial_shops,
          nicolae_shop_advertising_works [nicolae_subvault_shop_adworks]
D:5:      layout_basic, gammafunk_ghost_nasty_kobolds, lemuel_flamethrower_1
D:6:      layout_gridville, mainiacjoe_overflow_paths,
          minmay_temple_entry_overgrown, grunt_ministairs_6, water_boxes_lemuel

Skill      XL: |  1  2  3  4  5  6  7  8 |
---------------+-------------------------+-----
Shields        | 3 4 5 |  5.2
Unarmed Combat | 3 4 5 6 7 |  7.3
Fighting       | 3 4 |  4.7
Dodging        | |  2.4

Action                     |  1- 3 |  4- 6 |  7- 9 || total
---------------------------+-------+-------+-------++-------
  Melee: Unarmed           |   106 |   116 |   124 ||   346
Ability: Lunge             |       |       |     1 ||     1
    Use: Potion            |       |     1 |     8 ||     9
         Scroll            |       |       |     7 ||     7
   Stab: Sleeping          |       |       |     1 ||     1
 Armour: Robe              |    39 |    30 |    11 ||    80
  Dodge: Dodged            |    40 |    40 |    83 ||   163
  Block: Kite shield       |    45 |    31 |    57 ||   133
